 Dungeon Crawl Stone Soup version 0.31-a0-180-g519b7de00c (webtiles) character file.

Game seed: 12104127689838621751

55 qw the Shooter (level 3, 0/32 HPs)
             Began as a Naga Hunter on June 19, 2023.
             Was an Initiate of Okawaru.
             Hit by a goblin thrown by Robin (2 damage)
             ... on level 2 of the Dungeon.
             The game lasted 00:00:27 (1021 turns).

qw the Shooter (Naga Hunter)                        Turns: 1021, Time: 00:00:28

Health: 0/32       AC:  2    Str: 13    XL:     3   Next: 93%
Magic:  3/3        EV:  9    Int:  9    God:    Okawaru [......]
Gold:   75         SH:  0    Dex: 16    Spells: 2/2 levels left

rFire   . . .        Y - +1 shortbow
rCold   . . .        (shield currently unavailable)
rNeg    . . .        c - +0 leather armour
rPois   +            (no helmet)
rElec   .            (no cloak)
rCorr   .            (no gloves)
SInv    +            (no barding)
Will    .....        (no amulet)
Stlth   ++           (no ring)
HPRegen 0.25/turn    (no ring)
MPRegen 0.08/turn

%: no passive effects
@: short of breath, very slow
A: AC +1, large, see invisible, deformed body, poison resistance, slowness 2,
spit poison 1, naga tail 1
a: Spit Poison, Renounce Religion


You were on level 2 of the Dungeon.
You worshipped Okawaru.
Okawaru was noncommittal.
You visited 1 branch of the dungeon, and saw 2 of its levels.

You collected 75 gold pieces.


Innate Abilities, Weirdness & Mutations

Your serpentine skin is tough. (AC +1)
You have supernaturally acute eyesight. (SInv)
Armour fits poorly on your strangely shaped body.
Your system is resistant to poisons. (rPois)
You cover ground very slowly.
You can spit poison.
You have a snake-like lower body.


   Skills:
 - Level 2.0 Fighting
 + Level 4.9 Ranged Weapons
 - Level 1.5 Dodging
 - Level 1.5 Stealth


You had 2 spell levels left.
You didn't know any spells.
Your spell library was empty.

Inventory:

Hand Weapons
 Y - a +1 shortbow (weapon)
Armour
 c - a +0 leather armour (worn)
Scrolls
 e - a scroll of enchant armour

Dungeon Overview and Level Annotations

Branches:
Dungeon (2/15)

Altars:
Okawaru

Annotations:
D:2 Robin


Message History

You have got your breath back.
The goblin barely misses you. The goblin completely misses you.
1015 ||| INVOKING Spit Poison.
Aiming: Spit Poison (2% risk of failure)
Press: ? - help, Shift-Dir - straight line, f/p - goblin The splash of poison hits the goblin.
The goblin is poisoned.
You kill the goblin!
Okawaru accepts your kill. The goblin hits you with a +0 club.
You shoot an arrow. The arrow hits the goblin!
You kill the goblin!
Okawaru accepts your kill.
The goblin unwields a +0 club.
The goblin wields a +0 sling.
The goblin shoots a sling bullet.
The sling bullet hits you. The goblin barely misses you.
You shoot an arrow. The arrow hits the goblin.
You kill the goblin!
Okawaru accepts your kill.
The goblin shoots a sling bullet.
The sling bullet hits you but does no damage.
The goblin unwields a +0 club.
The goblin wields a +0 sling.
The goblin shoots a sling bullet.
The sling bullet hits you.
You shoot an arrow. The arrow closely misses the hobgoblin.
The arrow hits the goblin!
You kill the goblin!
Okawaru accepts your kill. The hobgoblin closely misses you.
You shoot an arrow. The arrow closely misses the hobgoblin.
The arrow closely misses the goblin.
The hobgoblin hits you.
You shoot an arrow. The arrow hits the hobgoblin!
You kill the hobgoblin!
Okawaru accepts your kill.
You have got your breath back.
1021 ||| INVOKING Spit Poison.
Aiming: Spit Poison (2% risk of failure)
Press: ? - help, Shift-Dir - straight line, f - kobold The splash of poison misses the kobold.
The splash of poison misses the goblin.
The kobold hits you but does no damage. Robin throws the goblin at you!
You die...

#####.....'%#%'.....
##..#.#####..###
##...'.#.'..# #
#.#.#####..# #
#...'.#.%..### # #
##..#####..... ...#.
##...'%#%'.####
.....g####....#####.###.
.....)K@g%..............
.)...g####.........####.
..... ##.....(.## ##
.... ##.....## # ...
##...## .. ##+## .


You could see Robin, 2 goblins and a kobold.

Vanquished Creatures
  A worm (D:2)
  A dart slug (D:2)
  4 bats
  3 endoplasms
  A giant cockroach (D:1)
  8 goblins
  6 hobgoblins
  2 jackals (D:1)
  2 quokkas
  2 ball pythons (D:1)
  2 frilled lizards
  3 kobolds
  12 rats
47 creatures vanquished.

Notes
Turn   | Place    | Note
-------+----------+-------------------------------------------
     0 | D:1      | qw the Naga Hunter began the quest for the Orb.
     0 | D:1      | Reached XP level 1. HP: 19/19 MP: 1/1
     0 | D:1      | 0 ||| qw: Version: 0.3-a-7-ge0c9b40
     0 | D:1      | 0 ||| qw: Game counter: 1016
     0 | D:1      | 0 ||| qw: Always use a shield: true
     0 | D:1      | 0 ||| qw: God list: Okawaru
     0 | D:1      | 0 ||| qw: Allow faded altars: false
     0 | D:1      | 0 ||| qw: Do Orc after D:15 true
     0 | D:1      | 0 ||| qw: Do second Lair branch before Depths: true
     0 | D:1      | 0 ||| qw: Lair rune preference: random
     0 | D:1      | 0 ||| qw: Plans: Normal
     0 | D:1      | 0 ||| PLANNING D:1-11
    24 | D:1      | 24 ||| INVOKING Spit Poison.
    37 | D:1      | 37 ||| INVOKING Spit Poison.
    53 | D:1      | 53 ||| INVOKING Spit Poison.
   116 | D:1      | 116 ||| INVOKING Spit Poison.
   124 | D:1      | Reached skill level 4 in Ranged Weapons
   124 | D:1      | Reached XP level 2. HP: 26/26 MP: 2/2
   130 | D:1      | 130 ||| INVOKING Spit Poison.
   174 | D:1      | Found a faded altar of an unknown god.
   177 | D:1      | 177 ||| INVOKING Spit Poison.
   211 | D:1      | 211 ||| INVOKING Spit Poison.
   217 | D:1      | 217 ||| INVOKING Spit Poison.
   303 | D:1      | 303 ||| INVOKING Spit Poison.
   312 | D:1      | 312 ||| INVOKING Spit Poison.
   373 | D:1      | 373 ||| INVOKING Spit Poison.
   378 | D:1      | 378 ||| INVOKING Spit Poison.
   399 | D:1      | 399 ||| INVOKING Spit Poison.
   452 | D:1      | 452 ||| INVOKING Spit Poison.
   483 | D:1      | 483 ||| READING scroll labelled LENESI RAGY.
   484 | D:1      | 484 ||| READING 2 scrolls labelled MUXAJYNWININ.
   485 | D:1      | 485 ||| READING scroll labelled LEGOAPPEOT.
   486 | D:1      | 486 ||| READING scroll labelled YGOINERIFO.
   487 | D:1      | 487 ||| READING scroll labelled TIXZIA ICHAN.
   488 | D:1      | 488 ||| DROPPING scroll of butterflies.
   549 | D:2      | 549 ||| INVOKING Spit Poison.
   602 | D:2      | Reached XP level 3. HP: 32/32 MP: 3/3
   661 | D:2      | Found an iron altar of Okawaru.
   662 | D:2      | 662 ||| PLANNING OKAWARU WORSHIP
   667 | D:2      | Became a worshipper of Warmaster Okawaru
   668 | D:2      | 668 ||| PLANNING D:1-11
   790 | D:2      | 790 ||| INVOKING Spit Poison.
   793 | D:2      | 793 ||| INVOKING Spit Poison.
   825 | D:2      | 825 ||| INVOKING Spit Poison.
   837 | D:2      | 837 ||| INVOKING Spit Poison.
   845 | D:2      | 845 ||| INVOKING Spit Poison.
   905 | D:2      | 905 ||| INVOKING Spit Poison.
   908 | D:2      | 908 ||| INVOKING Spit Poison.
   920 | D:2      | 920 ||| INVOKING Spit Poison.
   930 | D:2      | 930 ||| INVOKING Spit Poison.
   947 | D:2      | 947 ||| INVOKING Spit Poison.
   958 | D:2      | 958 ||| INVOKING Spit Poison.
   968 | D:2      | 968 ||| INVOKING Spit Poison.
   975 | D:2      | 975 ||| INVOKING Spit Poison.
   976 | D:2      | 976 ||| INVOKING Spit Poison.
   980 | D:2      | 980 ||| INVOKING Spit Poison.
  1007 | D:2      | 1007 ||| INVOKING Spit Poison.
  1007 | D:2      | Noticed Robin
  1010 | D:2      | 1010 ||| INVOKING Spit Poison.
  1013 | D:2      | HP: 8/32 [goblin/+0 dagger[Robin] (4)]
  1015 | D:2      | 1015 ||| INVOKING Spit Poison.
  1019 | D:2      | HP: 1/32 [hobgoblin[Robin] (4)]
  1021 | D:2      | 1021 ||| INVOKING Spit Poison.
  1021 | D:2      | Hit by a goblin thrown by Robin

Levels and vault maps discovered:
D:1:      zelgadis_glass_arrival_small, layout_loops_ring,
          shapermc_ecumenical_altar_starsandcircs
D:2:      layout_loops_corners, serial_bayou, serial_bayou_lagoon_b,
          serial_bayou_pond_c, serial_bayou_shore_b, serial_bayou_shore_b,
          basic_altar, minmay_rat_gold_closets, uniq_robin

Skill      XL: |  1 |
---------------+----+-----
Ranged Weapons | 4 |  4.9
Fighting       | |  2.0
Dodging        | |  1.5
Stealth        | |  1.5

Action                     || total
---------------------------++-------
   Fire: Shortbow          ||    64
Ability: Spit Poison       ||    33
    Use: Scroll            ||     5
 Armour: Leather armour    ||     8
  Dodge: Dodged            ||    14

Table legend:
 A = Non-vault XP
 B = Vault XP
 C = Vault XP percentage of total XP
 D = Non-vault monster count
 E = Vault monster count
 F = Vault count percentage of total count
                 A         B        C        D         E       F
            +---------+---------+-------+---------+---------+-------
      Total |      55 |      24 |  30.4 |      31 |      16 |  34.0
            +---------+---------+-------+---------+---------+-------
        D:1 |      31 |       0 |   0.0 |      19 |       0 |   0.0
        D:2 |      24 |      24 |  50.0 |      12 |      16 |  57.1
            +---------+---------+-------+---------+---------+-------
